 Dungeon Crawl Stone Soup version 0.27.1-1-g398f81649c (webtiles) character file.

Game seed: 14235115422784542254

840 speeev33 the Chopper (level 8, -5/73 HPs)
             Began as a Hill Orc Fighter on Sept 5, 2021.
             Slain by a two-headed ogre (8 damage)
             ... on level 4 of the Dungeon.
             The game lasted 00:06:54 (4944 turns).

speeev33 the Chopper (Hill Orc Fighter)             Turns: 4944, Time: 00:06:55

Health: -5/73      AC: 11    Str: 21    XL:     8   Next: 0%
Magic:  8/8        EV:  8    Int:  8    God:
Gold:   161        SH: 15    Dex: 10    Spells: 7/7 levels left

rFire    . . .     SeeInvis .   a - +0 war axe (vorpal)
rCold    . . .     Faith    .   c - +0 kite shield
rNeg     . . .     Spirit   .   b - +0 scale mail
rPois    .         Reflect  +   n - +0 helmet
rElec    .         Harm     .   d - +0 cloak
rCorr    +         Rampage  .   h - +0 pair of gloves
Will     .....                  k - +0 pair of boots
Stlth    ..........             f - amulet of reflection
HPRegen  0.22/turn              i - ring of resist corrosion
MPRegen  0.11/turn              (no ring)

@: no status effects
A: no striking features
a: no special abilities


You were on level 4 of the Dungeon.
You visited 1 branch of the dungeon, and saw 5 of its levels.

You collected 161 gold pieces.

Inventory:

Hand Weapons
 a - a +0 vorpal war axe (weapon)
 q - a +2 flail of protection
Missiles
 p - a throwing net (quivered)
Armour
 b - a +0 scale mail (worn)
 c - a +0 kite shield (worn)
 d - a +0 cloak (worn)
 h - a +0 pair of gloves (worn)
 k - a +0 pair of boots (worn)
 n - a +0 helmet (worn)
Jewellery
 f - an amulet of reflection (around neck)
 i - a ring of resist corrosion (left hand)
Wands
 m - a wand of iceblast (11)
Potions
 e - 2 potions of brilliance
 g - a potion of heal wounds
 j - 2 potions of lignification {unknown}
 l - a potion of flight {unknown}
 o - a potion of berserk rage {unknown}


   Skills:
 + Level 7.0 Fighting
 + Level 7.1 Axes
 - Level 3.2 Armour
 + Level 6.4 Shields


You had 7 spell levels left.
You didn't know any spells.
Your spell library contained the following spells:

 Spells                   Type           Power      Damage    Failure   Level
 Magic Dart               Conj           0%         1d3       98%         1
 Searing Ray              Conj           0%         3d3       99%         2
 Sublimation of Blood     Necr           0%         N/A       99%         2
 Ozocubu's Armour         Ice            0%         N/A       100%        3
 Fulminant Prism          Conj/Hex       0%         3d6       100%        4
 Petrify                  Tmut/Erth      0%         N/A       100%        4
 Irradiate                Conj/Tmut      0%         3d14      100%        5
 Ozocubu's Refrigeration  Ice            0%         4d5       100%        7


Dungeon Overview and Level Annotations

Branches:
Dungeon (5/15)
 Temple: D:4-7

Altars:
Sif Muna
Vehumet

Shops:
D:2 ?   D:3 !


Message History

You hit the centaur. You block the centaur's attack. x2
You block the two-headed ogre's attack.
The two-headed ogre hits you with a +0 giant club!
The centaur hits you.
The centaur kicks you but does no damage.
The centaur barely misses you.
The centaur kicks you but does no damage.
The two-headed ogre barely misses you. You block the two-headed ogre's attack.
You climb upwards.
There is a stone staircase leading down here.
You hit the two-headed ogre.
The two-headed ogre is moderately wounded.
You hit the centaur but do no damage. You block the centaur's attack.
The centaur kicks you but does no damage.
The centaur hits you but does no damage.
You block the centaur's attack. The two-headed ogre barely misses you.
The two-headed ogre hits you with a +0 giant club!
The centaur wields a +0 shortbow.
The centaur shoots an arrow.
The arrow hits you!
* * * LOW HITPOINT WARNING * * *
The centaur shoots an arrow.
You reflect the arrow off an invisible shield around you!
The arrow hits the centaur.
The centaur shoots an arrow.
You reflect the arrow off an invisible shield around you!
The arrow hits the centaur!
You kill the centaur!
Your Fighting skill increases to level 7!
Your Axes skill increases to level 7!
You have reached level 8!
You slash the two-headed ogre!
The two-headed ogre is heavily wounded.
You block the two-headed ogre's attack.
The two-headed ogre hits you with a +0 giant club!!
* * * LOW HITPOINT WARNING * * *
You hit the two-headed ogre.
The two-headed ogre is heavily wounded.
You block the two-headed ogre's attack.
The two-headed ogre hits you with a +0 giant club!
You die...

............########.'.≈.'.#
.....................'.≈.'.#
..........#>########.'.≈.'.#
.........#...# ###...#.#
........##..)# #'''#.#
.#.....###...# #...#.####
.####### #...# #._.#....# .#
#...#########...###.## .#
#.....O@....#####...# .#
#....######### ##..# ##
#....#.......# #..#
#.)..#.#####.#####..#
#....#.##........#..#
##'#.#.##.#.####.#..#
#.#.#......# #.#..#
#.#.####.######.#..##
#.#.............#..<#


You could see a two-headed ogre.

Vanquished Creatures
  Sigmund (D:3)
  A black bear (D:5)
  An ice beast (D:5)
  A centaur (D:4)
  A scorpion (D:4)
  The ghost of ZARRMARR the Conjurer, a weakling OpCj (D:3)
  Crazy Yiuf (D:2)
  A gnoll shaman (D:4)
  Terence (D:2)
  A howler monkey skeleton (D:4)
  8 gnolls
  A river rat (D:3)
  4 adders
  5 worms
  A dart slug (D:5)
  11 orcs
  10 ball pythons
  4 bats
  6 endoplasms
  3 giant cockroaches
  6 goblins
  5 hobgoblins
  4 jackals (D:1)
  3 quokkas
  3 frilled lizards
  4 kobolds
  5 rats
93 creatures vanquished.

Vanquished Creatures (others)
  An orc wizard (D:5)
  2 fungi (D:2)
3 creatures vanquished.

Grand Total: 96 creatures vanquished

Notes
Turn   | Place    | Note
-------+----------+-------------------------------------------
     0 | D:1      | speeev33 the Hill Orc Fighter began the quest for the Orb.
     0 | D:1      | Reached XP level 1. HP: 19/19 MP: 1/1
   338 | D:1      | Reached XP level 2. HP: 24/27 MP: 2/2
   670 | D:1      | Reached XP level 3. HP: 30/33 MP: 3/3
  1531 | D:2      | Reached XP level 4. HP: 41/41 MP: 4/4
  1895 | D:2      | Found Hixirirun's Magic Scroll Boutique.
  1895 | D:2      | Noticed Terence
  1929 | D:2      | Killed Terence
  1933 | D:2      | HP: 2/41 [poisoned by a goblin]
  2514 | D:2      | Found a runed translucent door.
  2515 | D:2      | Noticed Crazy Yiuf
  2523 | D:2      | Killed Crazy Yiuf
  2524 | D:2      | Reached XP level 5. HP: 47/47 MP: 5/5
  2767 | D:3      | Found a runed translucent door.
  2773 | D:3      | Noticed ZARRMARR's ghost (weakling OpCj)
  2788 | D:3      | Killed ZARRMARR's ghost
  2789 | D:3      | Reached skill level 5 in Fighting
  2801 | D:3      | Found a runed translucent door.
  3228 | D:3      | Reached skill level 5 in Axes
  3477 | D:3      | Noticed Sigmund
  3479 | D:3      | Found Pikhlodd's Distillery.
  3489 | D:3      | Killed Sigmund
  3490 | D:3      | Reached skill level 5 in Shields
  3490 | D:3      | Reached XP level 6. HP: 52/57 MP: 6/6
  3651 | D:4      | Reached XP level 7. HP: 63/63 MP: 7/7
  4258 | D:4      | Found a shimmering blue altar of Sif Muna.
  4297 | D:4      | Found a radiant altar of Vehumet.
  4351 | D:5      | Entered Level 5 of the Dungeon
  4577 | D:5      | Noticed a two-headed ogre
  4577 | D:5      | Noticed a shadow
  4616 | D:5      | HP: 1/64 [two-headed ogre (6)]
  4939 | D:4      | Reached XP level 8. HP: 21/73 MP: 8/8
  4943 | D:4      | HP: 3/73 [two-headed ogre (19)]
  4944 | D:4      | Slain by a two-headed ogre

Illustrated notes

Levels and vault maps discovered:
D:1:      dpeg_arrival_simpleton_b, layout_basic, minmay_unequal
D:2:      layout_basic, serial_shops, shop, uniq_crazy_yiuf_cottage,
          uniq_terence
D:3:      layout_basic, serial_shops, nicolae_square_shop,
          ebering_ghost_sewer_f, uniq_sigmund
D:4:      layout_basic, mainiacjoe_overflow_big_doors,
          chequers_serial_rivers_small_b
D:5:      layout_basic, minmay_temple_entry_arrows, hex_medium,
          minmay_divided_ellipse

Skill      XL: |  1  2  3  4  5  6  7 |
---------------+----------------------+-----
Axes           | 3 4 5 7 |  7.1
Fighting       | 4 5 6 7 |  7.0
Shields        | 4 5 6 |  6.4
Armour         | |  3.2

Action                   |  1- 3 |  4- 6 |  7- 9 || total
-------------------------+-------+-------+-------++-------
Melee: War axe           |   117 |   143 |    69 ||   329
  Use: Scroll            |     3 |     4 |     1 ||     8
       Potion            |       |     2 |       ||     2
Armor: Scale mail        |    43 |    35 |    34 ||   112
Dodge: Dodged            |    22 |    24 |    32 ||    78
Block: Kite shield       |   100 |    94 |    72 ||   266
       Reflection        |     1 |     2 |     8 ||    11
